 Dungeon Crawl Stone Soup version 0.25-a0-1119-g28b6fd0c3b (webtiles) character file.

Game seed: 12619866562889995285, levelgen mode: classic

2804 Amnesiac the Basher (level 9, -3/144 HPs)
             Began as an Ogre Wizard on May 19, 2020.
             Was an Initiate of Wu Jian.
             Slain by a killer bee (6 damage)
             ... on level 7 of the Dungeon.
             The game lasted 00:16:52 (7272 turns).

Amnesiac the Basher (Ogre Wizard)                   Turns: 7272, Time: 00:16:53

Health: -3/144     AC: 24    Str: 13    XL:     9   Next: 72%
Magic:  9/16       EV:  1    Int: 23    God:    Wu Jian [......]
Gold:   255        SH:  0    Dex:  8    Spells: 7/18 levels left

rFire    . . .     SeeInvis .   a - +1 whip (elec)
rCold    . . .     Gourm    .   (no shield)
rNeg     + + +     Faith    .   (armour currently unavailable)
rPois    +         Spirit   .   (helmet currently unavailable)
rElec    .         Reflect  .   (cloak currently unavailable)
rCorr    .         Harm     .   (gloves unavailable)
MR       .....     NoTele   +   (boots unavailable)
Stlth    ++........             (no amulet)
HPRegen  0.34/turn              (no ring)
MPRegen  0.15/turn              (no ring)

@: brilliant, lethally poisoned (-3 -> -5), tree-form
A: large, unfitting armour, clever 1, no potion heal 1
a: Renounce Religion


You were on level 7 of the Dungeon.
You worshipped Wu Jian.
Wu Jian was noncommittal.
You were not hungry.
You were a tree.
You visited 2 branches of the dungeon, and saw 8 of its levels.
You also visited: Sewer.

You collected 255 gold pieces.

Inventory:

Hand Weapons
 a - a +1 whip of electrocution (weapon)
 b - a +0 giant club
 p - a +2 dagger of electrocution
 r - a +0 giant spiked club
Armour
 e - a +0 hat (melded)
 g - a +0 robe (melded)
 q - a +0 cloak
 u - a scarf of repulsion (melded)
Wands
 s - a wand of enslavement (11)
Scrolls
 c - a scroll of blinking {!r}
 h - a scroll of amnesia {!r, unknown}
 i - 4 scrolls of teleportation {!r}
 j - 2 scrolls of identify {!r}
 o - a scroll of enchant weapon {!r, unknown}
 t - a scroll of remove curse {!r}
 v - a scroll of fog {!r, unknown}
 x - a scroll of fear {!r}
 y - a scroll of noise {!r, unknown}
Potions
 k - 2 potions of flight {!q}
 l - a potion of stabbing {!q}
 m - 3 potions of invisibility {!q}
 n - 2 potions of might {!q}
Comestibles
 f - 5 rations
 A - 5 chunks of flesh


   Skills:
 + Level 8.2 Fighting
 * Level 8.3 Maces & Flails
 - Level 1.7 Dodging
 - Level 2.0 Stealth
 - Level 5.0 Spellcasting
 - Level 5.0 Conjurations
 - Level 0.8 Summonings
 - Level 0.8 Translocations
 + Level 1.2 Evocations


You had 7 spell levels left.
You knew the following spells:

 Your Spells              Type           Power        Failure   Level  Hunger
a - Magic Dart            Conj           ####         1%          1    None
b - Call Imp              Summ           ##......     10%         2    None
e - Mephitic Cloud        Conj/Pois/Air  ###.....     14%         3    None
s - Conjure Flame         Conj/Fire      ####....     10%         3    None
v - Blink                 Tloc           N/A          10%         2    None

Your spell library contained the following spells:

 Spells                   Type           Power        Failure   Level  Hunger
 Slow                     Hex            #.......     14%         2    None


Dungeon Overview and Level Annotations

Branches:
Dungeon (7/15)             Temple (1/1) D:7           Sewer (visited)

Altars:
Ashenzari
Fedhas
Gozag
Kikubaaqudgha
Makhleb
Nemelex Xobeh
Okawaru
Qazlal
Ru
Trog
Wu Jian
Yredelemnul

Annotations:
D:4 exclusion: downstairs


Innate Abilities, Weirdness & Mutations

You are too large for most types of armour.
((You have tough skin. (AC +1)))
((You are partially covered in iridescent scales. (AC +2)))
Your mind is acute. (Int +2)
((Armour fits poorly on your strangely shaped body.))
Potions are less effective at restoring your health.


Message History

The killer bee is engulfed in noxious fumes.
The killer bee appears confused.
The killer bee closely misses you.
You hit the killer bee but do no damage.
The killer bee is severely wounded.
You closely miss the killer bee.
The killer bee is severely wounded.
You feel sick. The killer bee stings you!
* * * LOW HITPOINT WARNING * * *
You are more poisoned.
The killer bee poisons you! The killer bee stings you.
* * * LOW HITPOINT WARNING * * *
Really quaff
k - 3 bubbling red potions {!q}?
It was a potion of flight {!q}.
You feel very buoyant.
You fly up into the air.
* * * LOW HITPOINT WARNING * * *
You feel sick. The killer bee closely misses you. The killer bee misses you.
Really quaff
w - a potion of lignification {!q}?
Really quaff the potion of lignification?
You turn into a tree.
The haze of the repulsion field disappears.
Your roots penetrate the ground.
* * * LOW HITPOINT WARNING * * *
You feel sick.
The killer bee stings you but does no damage.
Really quaff
z - a purple potion {!q}?
It was a potion of mutation {!q}.
You feel extremely strange.
Your body twists and deforms.
You feel clever.
Your system partially rejects the healing effects of potions.
Iridescent scales grow over part of your body.
* * * LOW HITPOINT WARNING * * *
You feel sick.
The killer bee stings the killer bee.
The killer bee is killed!
The Council accepts your kill.
Really quaff
d - an inky potion {!q}?
It was a potion of brilliance {!q}.
You feel clever all of a sudden.
* * * LOW HITPOINT WARNING * * *
You feel sick.
Unknown command.
Casting: Mephitic Cloud (mildly dangerous; 14% risk of failure)
Confirm with . or Enter, or press ? or * to list all spells.
Aiming: Mephitic Cloud (mildly dangerous; 14% risk of failure)
Press: ? - help, Shift-Dir - straight line, f - killer bee
Aim: a killer bee (lightly wounded, confused)
You feel a surge of power!
The ball explodes into a vile cloud!
The stinking cloud engulfs the killer bee but does no damage.
The killer bee is lightly wounded.
* * * LOW HITPOINT WARNING * * *
You feel sick.
You hear an angry buzzing noise.
The killer bee is engulfed in noxious fumes.
The killer bee appears confused.
The killer bee is engulfed in noxious fumes.
The killer bee appears confused.
The killer bee stings you but does no damage.
You barely miss the killer bee.
The killer bee is lightly wounded.
The killer bee is engulfed in noxious fumes.
The killer bee appears confused.
The killer bee stings you but does no damage.
The killer bee is engulfed in noxious fumes.
The killer bee appears confused.
The killer bee stings you.
You die...

...........#........
...>.......†........
.........y.#........ ....
###.#......#........ ....... #
#........#........ .......#####
###....##†##........ .......#....
.................... ......#....
............############....#....
..........[...○y♣.........)......
##.#....#.#.######....###........
##.#...[#.#.#.........+..........
##.#........P..P......#......####
....#.#....PP.P......++.........+
......#.....P>P......##.....#####
............PPP......+....#+#####
...........P..PP.....##..........
......#......##..................


You could see a killer bee (confused).

Vanquished Creatures
  An oklob plant (D:6)
  The ghost of zenki the Grave Robber, a novice DENe of Dithmenos (D:5)
  2 hippogriffs
  A hungry ghost (D:7)
  An ice beast (D:7)
  2 centaurs
  Blork the orc (D:4)
  2 scorpions
  4 killer bees (D:7)
  A howler monkey (D:6)
  2 crimson imps
  2 jellies
  3 orc priests (D:5)
  A hound (D:6)
  3 orc wizards
  2 bullfrog skeletons
  3 iguanas
  6 worker ants
  2 hound skeletons
  4 gnolls (D:5)
  13 adders
  A river rat (D:4)
  3 oozes (Sewer)
  A dart slug (D:4)
  2 leopard geckos
  17 orcs
  4 ball pythons
  8 bats (Sewer)
  2 giant cockroaches (Sewer)
  9 goblins
  2 hobgoblins (D:3)
  12 jackals
  2 kobolds (D:3)
  3 quokkas
  3 frilled lizards
  A jackal skeleton (D:4)
  2 rats
129 creatures vanquished.

Vanquished Creatures (collateral kills)
  An ice beast (D:5)
  2 ogres
  A worker ant (D:4)
  Robin (D:4)
  2 adders
  2 oozes (Sewer)
  A worm (Sewer)
  A giant cockroach (D:4)
  4 goblins
  2 hobgoblins
  4 jackals
  A ball python (D:3)
  A frilled lizard (D:3)
  A rat (D:4)
24 creatures vanquished.

Grand Total: 153 creatures vanquished

Notes
Turn   | Place    | Note
-------+----------+-------------------------------------------
     0 | D:1      | Amnesiac the Ogre Wizard began the quest for the Orb.
     0 | D:1      | Reached XP level 1. HP: 16/16 MP: 5/5
     7 | D:2      | Reached skill level 1 in Conjurations
   134 | D:3      | Reached XP level 2. HP: 24/24 MP: 2/6
   138 | D:3      | Learned a level 2 spell: Blink
   141 | D:3      | Learned a level 2 spell: Call Imp
   278 | D:3      | Reached XP level 3. HP: 16/31 MP: 3/8
   283 | D:3      | Learned a level 3 spell: Mephitic Cloud
   499 | D:4      | Noticed Robin
   520 | D:4      | Killed Robin
   963 | D:4      | Reached XP level 4. HP: 18/39 MP: 6/10
   992 | D:4      | Learned a level 3 spell: Conjure Flame
  1132 | D:4      | Found a glowing drain.
  1156 | Sewer    | Entered a sewer
  1833 | Sewer    | Reached skill level 1 in Maces & Flails
  2086 | Sewer    | Reached XP level 5. HP: 42/46 MP: 5/11
  2266 | D:4      | Noticed an ogre
  2283 | D:4      | Reached skill level 1 in Fighting
  2325 | D:4      | Killed an ogre
  2618 | D:4      | Noticed Blork the orc
  2788 | D:4      | Reached XP level 6. HP: 57/57 MP: 5/13
  2882 | D:4      | Killed Blork the orc
  3379 | D:5      | Entered Level 5 of the Dungeon
  3440 | D:5      | Found a runed translucent door.
  3440 | D:5      | Noticed zenki's ghost (novice DENe)
  3454 | D:5      | Killed zenki's ghost
  3454 | D:5      | Reached skill level 5 in Spellcasting
  3454 | D:5      | Reached XP level 7. HP: 55/67 MP: 2/14
  3527 | D:5      | Found an iron altar of Okawaru.
  4113 | D:5      | Reached skill level 5 in Conjurations
  4113 | D:5      | Reached XP level 8. HP: 47/78 MP: 9/15
  4450 | D:5      | Reached skill level 5 in Fighting
  4450 | D:5      | Reached skill level 5 in Maces & Flails
  4745 | D:6      | Found a blossoming altar of Fedhas.
  4745 | D:6      | Noticed an oklob plant
  5615 | D:6      | Killed an oklob plant
  5615 | D:6      | Reached XP level 9. HP: 41/92 MP: 10/16
  6990 | D:7      | Found a staircase to the Ecumenical Temple.
  7039 | Temple   | Entered the Ecumenical Temple
  7063 | Temple   | Became a worshipper of the Wu Jian Council
  7243 | D:7      | Reached skill level 1 in Evocations
  7266 | D:7      | HP: 4/96 [killer bee (5)]
  7269 | D:7      | Gained mutation: Armour fits poorly on your strangely
                  | shaped body. [potion of mutation]
  7269 | D:7      | Gained mutation: Your mind is acute. (Int +2) [potion of
                  | mutation]
  7269 | D:7      | Gained mutation: Potions are less effective at restoring
                  | your health. [potion of mutation]
  7269 | D:7      | Gained mutation: You are partially covered in iridescent
                  | scales. (AC +2) [potion of mutation]
  7271 | D:7      | HP: 3/144 [poisoned by a killer bee]
  7272 | D:7      | Slain by a killer bee

Illustrated notes

Levels and vault maps discovered:
D:1:      evilmike_arrival_hilbert_curve, layout_basic
D:2:      layout_loops_corners, grunt_ministairs_9
D:3:      layout_loops_ring, grunt_dithmenos_smoke
D:4:      layout_loops_corners, portal_sewer_entry_b, uniq_robin,
          uniq_blork_the_orc
D:5:      layout_gridville, ebering_ghost_reflecting_pool, first_ration,
          okawaru_metal_pillars_3
D:6:      layout_loops_ring, lemuel_oklob_altar
D:7:      layout_basic, minmay_temple_entry_overgrown
Temple:   compressed_dpeg_circular_temple

Skill      XL: |  1  2  3  4  5  6  7  8  9 |
---------------+----------------------------+-----
Conjurations   | 1 2 3 4 5 |  5.0
Spellcasting   | 4 5 |  5.0
Stealth        | 2 |  2.0
Maces & Flails | 1 3 4 6 8 |  8.3
Fighting       | 1 3 4 6 8 |  8.2
Evocations     | 1 |  1.2
Dodging        | |  1.7
Summonings     | |  0.8
Translocations | |  0.8

Action                   |  1- 3 |  4- 6 |  7- 9 || total
-------------------------+-------+-------+-------++-------
Melee: Dagger            |    55 |    15 |   126 ||   196
       Falchion          |       |    26 |       ||    26
       Giant spiked club |       |    26 |       ||    26
       Whip              |       |       |   195 ||   195
 Cast: Magic Dart        |    26 |    62 |    16 ||   104
       Call Imp          |     8 |    21 |     7 ||    36
       Blink             |       |     2 |     3 ||     5
       Mephitic Cloud    |       |     6 |    15 ||    21
       Conjure Flame     |       |       |     1 ||     1
Evoke: Wand              |       |       |    11 ||    11
  Use: Scroll            |       |     8 |     1 ||     9
       Potion            |       |       |     4 ||     4
 Stab: Sleeping          |       |     1 |     4 ||     5
       Confused          |       |     5 |     4 ||     9
       Distracted        |       |       |     1 ||     1
  Eat: Chunk             |       |     6 |     8 ||    14
       Ration            |       |     1 |     2 ||     3
Armor: Robe              |    12 |    33 |    59 ||   104
       Skin              |       |       |     3 ||     3
Dodge: Dodged            |    43 |    60 |   134 ||   237
       Repelled          |       |       |     1 ||     1
       Rpst.: Falchion   |       |    14 |       ||    14

Table legend:
 A = Non-vault XP
 B = Vault XP
 C = Vault XP percentage of total XP
 D = Non-vault monster count
 E = Vault monster count
 F = Vault count percentage of total count
                 A         B        C        D         E       F
            +---------+---------+-------+---------+---------+-------
      Total |    3027 |     980 |  24.5 |     108 |      45 |  29.4
            +---------+---------+-------+---------+---------+-------
        D:2 |       0 |       3 | 100.0 |       0 |       2 | 100.0
        D:3 |      47 |       0 |   0.0 |      15 |       0 |   0.0
        D:4 |     337 |     137 |  28.9 |      25 |      18 |  41.9
        D:5 |     815 |     216 |  21.0 |      32 |       1 |   3.0
        D:6 |     694 |     565 |  44.9 |      14 |       1 |   6.7
        D:7 |    1134 |       0 |   0.0 |      22 |       0 |   0.0
      Sewer |       0 |      59 | 100.0 |       0 |      23 | 100.0
            +---------+---------+-------+---------+---------+-------
